 Dungeon Crawl Stone Soup version 0.20.0-15-g7f486f2 (webtiles) character file.

56 theemperora the Insei (level 3, -1/28 HPs)
             Began as a Draconian Transmuter on June 9, 2017.
             Slain by an adder (3 damage)
             ... on level 3 of the Dungeon.
             The game lasted 00:05:25 (1661 turns).

theemperora the Insei (Draconian Transmuter)        Turns: 1661, Time: 00:05:26

Health: -1/28      AC:  5    Str: 10    XL:     3   Next: 69%
Magic:  6/6        EV: 12    Int: 13    God:
Gold:   68         SH:  0    Dex: 12    Spells: 2/6 levels left

rFire    . . .     SeeInvis .     - Unarmed
rCold    . . .     Gourm    .   (no shield)
rNeg     . . .     Faith    .   (armour unavailable)
rPois    .         Spirit   .   (helmet restricted)
rElec    +         Reflect  .   (no cloak)
rCorr    +         Harm     .   (no gloves)
MR       +....                  (no boots)
Stlth    +.........             (no amulet)
Regen    0.1/turn               h - ring of resist corrosion
MPRegen  0.1/turn               (no ring)

@: lethally poisoned (-1 -> -6)
A: unfitting armour, antennae 1, magic resistance 1, electricity resistance,
weak 1, cold-blooded, AC +5
a: no special abilities


You were on level 3 of the Dungeon.
You were not hungry.

You visited 1 branch of the dungeon, and saw 3 of its levels.

You collected 68 gold pieces.

Inventory:

Hand Weapons
 k - a +0 hunting sling
Missiles
 a - 48 arrows
Armour
 e - a +0 leather armour
 j - a +0 ring mail
 l - a +0 robe
Jewellery
 h - a ring of resist corrosion (left hand)
Potions
 d - 3 potions of heal wounds
 f - a potion of curing
 i - a potion of haste {unknown}
Books
 b - a book of Changes

   Spells                             Type                      Level
   a - Beastly Appendage              Transmutation                1
   b - Sticks to Snakes               Transmutation                2
   c - Spider Form                    Transmutation/Poison         3
   d - Ice Form                       Ice/Transmutation            4
   e - Blade Hands                    Transmutation                5
Comestibles
 c - a bread ration


   Skills:
 * Level 1.2 Fighting
 * Level 2.1 Dodging
 * Level 4.1 Unarmed Combat
 * Level 2.2 Spellcasting
 * Level 2.2 Transmutations


You had 2 spell levels left.
You knew the following spells:

 Your Spells              Type           Power        Failure   Level  Hunger
a - Beastly Appendage     Tmut           #.....       10%         1    ##.....
b - Spider Form           Tmut/Pois      #.........   43%         3    ####...


Dungeon Overview and Level Annotations

Branches:
Dungeon (3/15)

Altars:

Annotations:
D:2 Robin


Innate Abilities, Weirdness & Mutations

Your plain brown scales are hard. (AC +5)
You cannot fit into any form of body armour.
You are cold-blooded and may be slowed by cold attacks.
You have a pair of small antennae on your head.
You are resistant to hostile enchantments. (MR+)
You are resistant to electric shocks. (rElec)
You are weak. (Str -2)


Message History

The adder poisons you!
You hit the adder. You tail-slap the adder.
The adder is heavily wounded.
You feel sick. The adder bites you but does no damage.
You closely miss the adder.
The adder is heavily wounded.
The adder closely misses you.
You hit the adder.
The adder is severely wounded.
The adder bites you.
* * * LOW HITPOINT WARNING * * *
The adder bites you but does no damage.
You barely miss the adder.
The adder is severely wounded.
* * * LOW HITPOINT WARNING * * *
You feel sick. The adder closely misses you.
You barely miss the adder.
The adder is severely wounded.
The adder bites you.
You die...

...
...
#.#
#.#
#.#
#)#
#g#
#S#
#@#
#.#
#.#
#.#
#.#
#.#
...
#.#


You could see an adder and a goblin.

Vanquished Creatures
  An adder (D:3)
  An ooze (D:1)
  2 dart slugs (D:1)
  4 bats (D:1)
  3 giant cockroaches (D:1)
  6 goblins
  8 hobgoblins
  A ball python (D:1)
  3 frilled lizards
  6 kobolds (D:1)
  A rat (D:1)
36 creatures vanquished.

Vanquished Creatures (others)
  A kobold (D:1)
1 creature vanquished.

Grand Total: 37 creatures vanquished

Notes
Turn   | Place    | Note
-------+----------+-------------------------------------------
     0 | D:1      | theemperora the Draconian Transmuter began the quest for the Orb.
     0 | D:1      | Reached XP level 1. HP: 16/16 MP: 3/3
    90 | D:1      | Reached XP level 2. HP: 12/23 MP: 5/5
   348 | D:1      | Gained mutation: You have a pair of small antennae on your head. [potion of mutation]
   348 | D:1      | Gained mutation: You are weak. (Str -2) [potion of mutation]
   348 | D:1      | Gained mutation: You are resistant to hostile enchantments. (MR+) [potion of mutation]
   348 | D:1      | Gained mutation: You are resistant to electric shocks. (rElec) [potion of mutation]
   626 | D:1      | Reached XP level 3. HP: 22/28 MP: 4/6
   796 | D:1      | Reached skill level 4 in Unarmed Combat
  1290 | D:2      | Noticed Robin
  1631 | D:3      | Learned a level 3 spell: Spider Form
  1661 | D:3      | Slain by an adder

Skill      XL: |  1  2  3 |
---------------+----------+-----
Unarmed Combat | 4 |  4.1
Dodging        | 2 |  2.1
Fighting       | |  1.2
Spellcasting   | |  2.2
Transmutations | |  2.2

Action                   || total
-------------------------++-------
Melee: Unarmed           ||   131
       Kick              ||    15
       Tailslap          ||    11
 Cast: Beastly Appendage ||    15
  Use: Potion            ||     3
       Scroll            ||     1
  Eat: Meat ration       ||     1
Armor: Skin              ||    57
Dodge: Dodged            ||   124
